 Dungeon Crawl Stone Soup version 0.17-a0-1442-g10bb59b (webtiles) character file.

100 vatarom the Sneak (level 4, 0/38 HPs)
             Began as a Naga Transmuter on June 27, 2015.
             Slain by a worm (9 damage)
             ... on level 3 of the Dungeon.
             The game lasted 00:04:39 (1853 turns).

vatarom the Sneak (Naga Transmuter)                 Turns: 1853, Time: 00:04:39

Health: 0/38       AC:  3    Str: 12    XL:     4   Next: 73%
Magic:  5/7        EV: 10    Int: 15    God:
Gold:   132        SH:  0    Dex: 11    Spells: 3 memorised, 1 level left

rFire  . . .     SeeInvis +       - Unarmed
rCold  . . .     Clarity  +     b - +0 robe
rNeg   . . .     SustAt   .     (no shield)
rPois  +         Gourm    .     (no helmet)
rElec  .         Spirit   .     k - +0 cloak
rCorr  .         Warding  .     (no gloves)
rMut   .         Stasis   .     (no barding)
MR     .....                    e - amulet of clarity
Stlth  +++.......               (no ring)
                                (no ring)

@: very slow, not resistant to hostile enchantments, fairly stealthy
A: see invisible, deformed body, poison resistance, slowness 2, slow metabolism
1, spit poison 2, AC +1
a: Spit Poison


You were on level 3 of the Dungeon.
You were full.

You visited 1 branch of the dungeon, and saw 3 of its levels.

You collected 132 gold pieces.

Inventory:

Missiles
 a - 28 arrows
Armour
 b - a +0 robe (worn)
 k - a +0 cloak (worn)
Jewellery
 e - an amulet of clarity (around neck)
Scrolls
 h - 3 scrolls of identify
 l - a scroll of magic mapping
Potions
 f - 2 potions of curing
 i - a potion of ambrosia {unknown}
Books
 c - a book of Changes

   Spells                             Type                      Level
   a - Beastly Appendage              Transmutation                1
   b - Sticks to Snakes               Transmutation                2
   c - Spider Form                    Transmutation/Poison         3
   d - Ice Form                       Ice/Transmutation            4
   e - Blade Hands                    Transmutation                5
Comestibles
 d - a bread ration
 g - 2 beef jerkies
 m - 2 meat rations


   Skills:
 - Level 1.0 Fighting
 - Level 1.5 Dodging
 - Level 5.0 Stealth
 - Level 3.0 Unarmed Combat
 - Level 2.0 Spellcasting
 + Level 3.4 Transmutations


You had one spell level left.
You knew the following spells:

 Your Spells              Type           Power        Failure   Level  Hunger
a - Beastly Appendage     Trmt           ##....       8%          1    #......
b - Sticks to Snakes      Trmt           ##........   12%         2    ###....
c - Spider Form           Trmt/Pois      #.........   34%         3    ###....


Dungeon Overview and Level Annotations

Branches:
Dungeon (3/15)

Altars:
Yredelemnul

Annotations:
D:3 Noname's ghost, average TeSu


Innate Abilities, Weirdness & Mutations

You cannot wear boots.
Your serpentine skin is tough (AC +1).
You have supernaturally acute eyesight.
Armour fits poorly on your strangely shaped body.
Your system is resistant to poisons.
You cover ground very slowly.
You have a slow metabolism.
You can spit poison.


Message History

The worm is lightly wounded.
The worm bites you!
You hit the worm.
The worm is moderately wounded.
You hit the worm but do no damage.
The worm is moderately wounded.
The worm bites you!
You hit the worm.
The worm is heavily wounded.
You hit the worm.
The worm is severely wounded.
The worm bites you!
* * * LOW HITPOINT WARNING * * *
Casting: Beastly Appendage
Confirm with . or Enter, or press ? or * to list all spells.
Okay, then.
Casting: Beastly Appendage
Confirm with . or Enter, or press ? or * to list all spells.
You create a snake!
The worm bites you!
You die...

###########.#+#.
#...............
#.#########.....
#.#.......#.....
#.##.#..#.#.....
#.###.#....<#.#.####
#........(......#
##.#####.#######.###
#....w@.S......#.#
########.#.......#
#.##.#.#### #.# ...#
#.. ### #.. ##.. ..


You could see a worm and a friendly ball python.

Vanquished Creatures
  An orc wizard (D:3)
  A gnoll (D:1)
  An ooze (D:3)
  A worm (D:2)
  4 giant geckos
  2 orcs (D:3)
  A ball python (D:2)
  A giant cockroach (D:3)
  6 hobgoblins
  2 jackals (D:2)
  9 kobolds
  4 bats
  2 giant newts
  A goblin (D:1)
  A quokka (D:3)
  5 rats
  A spectral orc (D:2)
43 creatures vanquished.

Vanquished Creatures (collateral kills)
  Ijyb (D:2)
1 creature vanquished.

Grand Total: 44 creatures vanquished

Notes
Turn   | Place    | Note
--------------------------------------------------------------
     0 | D:1      | vatarom the Naga Transmuter began the quest for the Orb.
     0 | D:1      | Reached XP level 1. HP: 18/18 MP: 3/3
    99 | D:1      | Reached XP level 2. HP: 18/25 MP: 3/5
   127 | D:1      | Learned a level 2 spell: Sticks to Snakes
   753 | D:2      | Noticed Ijyb
   768 | D:2      | Killed Ijyb
   768 | D:2      | Reached skill level 4 in Stealth
   768 | D:2      | Reached XP level 3. HP: 27/31 MP: 0/6
   853 | D:2      | Reached skill level 5 in Stealth
  1076 | D:2      | Learned a level 3 spell: Spider Form
  1159 | D:2      | Found a basalt altar of Yredelemnul.
  1304 | D:3      | Reached XP level 4. HP: 34/38 MP: 5/7
  1665 | D:3      | Noticed Noname's ghost (average TeSu)
  1853 | D:3      | Slain by a worm

Vault maps used:
D:1:      dpeg_arrival_concentric_ovals
D:2:      yredelemnul_forgotten_temple_becter, uniq_iyjb

Action                   |  1- 3 |  4- 6 || total
-------------------------+-------+-------++-------
Melee: Unarmed           |    96 |    80 ||   176
 Cast: Beastly Appendage |     9 |     3 ||    12
       Sticks to Snakes  |     2 |     5 ||     7
       Spider Form       |       |     1 ||     1
  Use: Scroll            |     7 |     2 ||     9
       Potion            |     3 |     5 ||     8
 Stab: Sleeping          |     5 |     3 ||     8
  Eat: Bread ration      |     2 |       ||     2
